 Dungeon Crawl Stone Soup version 0.32-a0-42-ga30500b4d3 (webtiles) character file.

Game seed: 10068209943195661350

76 Atlas the Firebug (level 4, -2/30 HPs)
             Began as a Demonspawn Fire Elementalist on Feb 1, 2024.
             Slain by a cerulean imp
             ... wielding a +1 spear
             ... summoned by Natasha
              (4 damage)
             ... on level 2 of the Dungeon.
             The game lasted 00:01:39 (1723 turns).

Atlas the Firebug (Demonspawn Fire Elementalist)    Turns: 1723, Time: 00:01:39

Health: -2/30      AC:  4    Str:  8    XL:     4   Next: 12%
Magic:  3/7        EV: 12    Int: 18    God:
Gold:   116        SH:  0    Dex: 13    Spells: 5/8 levels left

rFire   . . .        (no weapon)
rCold   . . .        (no shield)
rNeg    . . .        a - +0 robe
rPois   .            (no helmet)
rElec   .            (no cloak)
rCorr   .            (no gloves)
SInv    .            (no boots)
Will    .....        (no amulet)
Stlth   ++           (no ring)
HPRegen 0.25/turn    (no ring)
MPRegen 0.10/turn

%: no passive effects
@: mighty, slowed, very slow
A: icy blue scales 1, demonic magic 1, demonic touch 1
a: no special abilities


You were on level 2 of the Dungeon.
You visited 1 branch of the dungeon, and saw 2 of its levels.

You collected 116 gold pieces.

Inventory:

Armour
 a - a +0 robe (worn)
Wands
 k - a wand of iceblast (5)
Scrolls
 d - 2 scrolls of identify {unknown}
 e - a scroll of enchant weapon {unknown}
 f - a scroll of vulnerability {unknown}
 g - a scroll of teleportation {unknown}
 j - a scroll of amnesia {unknown}
Potions
 b - a potion of magic
 c - a potion of might
 h - 2 potions of heal wounds {unknown}
 i - a potion of degeneration {unknown}
 l - a potion of mutation {unknown}
 m - a potion of enlightenment {unknown}


   Skills:
 + Level 0.2 Fighting
 + Level 2.2 Dodging
 + Level 2.1 Stealth
 + Level 0.7 Unarmed Combat
 + Level 2.5 Spellcasting
 + Level 1.5 Conjurations
 + Level 3.4 Fire Magic


You had 5 spell levels left.
You knew the following spells:

 Your Spells              Type           Power      Damage    Failure   Level
a - Scorch                Fire           28%        2d6       6%          2
b - Foxfire               Conj/Fire      44%        2x1d6     6%          1

Your spell library contained the following spells:

 Spells                   Type           Power      Damage    Failure   Level
 Inner Flame              Hex/Fire       8%         N/A       26%         3
 Volatile Blastmotes      Fire/Tloc      16%        2d11      26%         3
 Flame Wave               Conj/Fire      11%        2d6       52%         4


Dungeon Overview and Level Annotations

Branches:
Dungeon (2/15)

Altars:

Annotations:
D:2 Natasha


Innate Abilities, Weirdness & Mutations

You are partially covered in icy blue scales. (AC +2)
Spells you cast may paralyse adjacent enemies.
Your touch may inflict minor irresistible damage on your foes.


Message History

You feel disoriented.
Natasha casts a spell.
Natasha stares at you and mumbles some strange words.
You feel yourself slow down.
Natasha hisses.
The cerulean imp attacks as it pursues you!
The cerulean imp hits you from afar with a +0 spear. x2
Natasha mumbles some strange words.
Natasha shimmers violently.
The cerulean imp hits you from afar with a +0 spear.
Natasha wildly gestures.
You feel troubled.
The cerulean imp hits you but does no damage.
Natasha casts a spell.
The cerulean imp attacks as it pursues you!
The cerulean imp hits you from afar with a +0 spear.
The cerulean imp barely misses you.
Natasha mumbles some strange words.
The cerulean imp completely misses you.
The cerulean imp attacks as it pursues you!
The cerulean imp hits you but does no damage.
The cerulean imp attacks as it pursues you!
The cerulean imp completely misses you. The cerulean imp barely misses you.
The cerulean imp hits you from afar with a +2 spear.
The cerulean imp hits you but does no damage.
The cerulean imp disappears in a puff of smoke!
Natasha casts a spell.
The cerulean imp hits you from afar with a +2 spear.
The cerulean imp hits you from afar with a +1 spear.
Something unseen breaks down the door.
The cerulean imp hits you but does no damage.
The cerulean imp closely misses you.
The cerulean imp hits you from afar with a +1 spear.
* * * LOW HITPOINT WARNING * * *
It was a potion of might.
You feel very mighty all of a sudden.
The cerulean imp hits you from afar with a +2 spear.
* * * LOW HITPOINT WARNING * * *
The cerulean imp hits you from afar with a +1 spear.
You die...

.......#
#...........#
.......#
#...........#
########
#...........#
#...........######
#................#
...#####h#'###.....#
... #555# #.....#
..... ##..###.....#
..... #@.........##
... ##.###÷.....#
......#####
#.....†.##.#
....†.....#
#.......# .#
.........# #.......#
. ........#
#.#########
#######......#
#.........#
.............#
###.......#
.............#
#.......#


You could see Natasha and 3 cerulean imps.

Vanquished Creatures
  Natasha (D:2)
  2 adders
  5 bats
  4 endoplasms (D:1)
  3 giant cockroaches (D:1)
  A goblin (D:1)
  2 hobgoblins (D:2)
  A quokka (D:1)
  3 ball pythons
  5 kobolds
  6 rats (D:1)
33 creatures vanquished.

Vanquished Creatures (others)
  138 foxfires
138 creatures vanquished.

Grand Total: 171 creatures vanquished

Notes
Turn   | Place    | Note
-------+----------+-------------------------------------------
     0 | D:1      | Atlas the Demonspawn Fire Elementalist began the quest for
                  | the Orb.
     0 | D:1      | Reached XP level 1. HP: 13/13 MP: 3/3
   278 | D:1      | Gained mutation: Your touch may inflict minor irresistible
                  | damage on your foes. [demonic ancestry]
   278 | D:1      | Reached XP level 2. HP: 19/19 MP: 0/5
   285 | D:1      | Reached skill level 3 in Fire Magic
  1185 | D:1      | Learned a level 2 spell: Scorch
  1234 | D:1      | Gained mutation: Spells you cast may paralyse adjacent
                  | enemies. [demonic ancestry]
  1234 | D:1      | Reached XP level 3. HP: 24/24 MP: 0/6
  1693 | D:2      | Noticed Natasha
  1700 | D:2      | Killed Natasha
  1701 | D:2      | Gained mutation: You are partially covered in icy blue
                  | scales. (AC +2) [demonic ancestry]
  1701 | D:2      | Reached XP level 4. HP: 30/30 MP: 0/7
  1702 | D:2      | Noticed Natasha
  1723 | D:2      | Slain by a cerulean imp

Illustrated notes

Levels and vault maps discovered:
D:1:      minmay_arrival_arboretum_small, layout_basic
D:2:      layout_basic, uniq_natasha

Skill      XL: |  1  2 |
---------------+-------+-----
Dodging        | 2 |  2.2
Fire Magic     | 3 |  3.4
Stealth        | 2 |  2.1
Fighting       | |  0.2
Unarmed Combat | |  0.7
Spellcasting   | |  2.5
Conjurations   | |  1.5

Action                     |  1- 3 |  4- 6 || total
---------------------------+-------+-------++-------
  Melee: Unarmed           |    16 |       ||    16
         Touch             |     3 |       ||     3
   Cast: Foxfire           |    81 |       ||    81
         Scorch            |     3 |       ||     3
    Use: Potion            |       |     1 ||     1
 Armour: Robe              |     7 |    14 ||    21
  Dodge: Dodged            |    14 |     5 ||    19

Table legend: (Time is in decaauts)
 A = Elapsed time spent in this place.
 B = Non-inter-level travel time spent in this place.
 C = Inter-level travel time spent in this place.
 D = Time resting spent in this place.
 E = Time spent auto-exploring this place.
 F = Levels seen in this place.
 G = Mean time per level.
                   A        B        C        D        E       F      G
               +--------+--------+--------+--------+--------+-----+--------+
         Total |   1731 |   1700 |     31 |      0 |   1461 |   2 |  865.5 |
       Dungeon |   1731 |   1700 |     31 |      0 |   1461 |   2 |  865.5 |
               +--------+--------+--------+--------+--------+-----+--------+

Top non-repeatable levels by time:
     D:1: 1279 daAuts
     D:2: 451 daAuts
